 Dungeon Crawl Stone Soup version 0.30.0 (webtiles) character file.

Game seed: 1610670532765849479

59 Meow the Conjurer (level 4, 27/36 HPs)
             Began as a Naga Conjurer on Dec 20, 2023.
             Quit the game on level 2 of the Dungeon.
             The game lasted 00:02:26 (945 turns).

Meow the Conjurer (Naga Conjurer)                    Turns: 945, Time: 00:02:26

Health: 27/36      AC:  2    Str: 10    XL:     4   Next: 3%
Magic:  4/8        EV:  9    Int: 20    God:
Gold:   38         SH:  0    Dex:  9    Spells: 6/9 levels left

rFire   . . .        a - +0 sling
rCold   . . .        (no shield)
rNeg    . . .        f - +0 robe
rPois   +            (no helmet)
rElec   .            (no cloak)
rCorr   .            (no gloves)
SInv    +            (no barding)
Will    .....        (no amulet)
Stlth   ++           (no ring)
HPRegen 0.26/turn    (no ring)
MPRegen 0.11/turn

%: no passive effects
@: short of breath, very slow
A: AC +1, large, see invisible, deformed body, poison resistance, slowness 2,
spit poison 1, naga tail 1
a: Spit Poison


You were on level 2 of the Dungeon.
You visited 1 branch of the dungeon, and saw 2 of its levels.

You collected 38 gold pieces.

Inventory:

Hand Weapons
 a - a +0 sling (weapon)
 b - a +0 club
Missiles
 c - 4 poisoned darts
Armour
 f - a +0 robe (worn)
Scrolls
 d - a scroll of immolation {unknown}
 g - a scroll of enchant weapon {unknown}
 h - a scroll of identify {unknown}
 l - a scroll of poison {unknown}
Potions
 e - a potion of lignification {unknown}
 i - a potion of magic
 j - a potion of curing {unknown}
 k - a potion of might {unknown}


   Skills:
 - Level 1.5 Dodging
 - Level 3.0 Stealth
 + Level 3.1 Spellcasting
 + Level 4.8 Conjurations


You had 6 spell levels left.
You knew the following spells:

 Your Spells              Type           Power      Damage    Failure   Level
a - Magic Dart            Conj           88%        1d7       1%          1
b - Searing Ray           Conj           44%        2d6       3%          2

Your spell library contained the following spells:

 Spells                   Type           Power      Damage    Failure   Level
 Dazzling Flash           Conj/Hex       24%        N/A       16%         3
 Fulminant Prism          Conj/Hex       6%         3d7       45%         4
 Iskenderun's Mystic Bla  Conj/Tloc      12%        2d5       45%         4


Dungeon Overview and Level Annotations

Branches:
Dungeon (2/15)

Altars:

Shops:
D:1 (

Annotations:
D:1 1 transporter


Innate Abilities, Weirdness & Mutations

Your serpentine skin is tough. (AC +1)
You have supernaturally acute eyesight. (SInv)
Armour fits poorly on your strangely shaped body.
Your system is resistant to poisons. (rPois)
You cover ground very slowly.
You can spit poison.
You have a snake-like lower body.


Message History

You have got your breath back.
You start resting.
Magic restored.
l - a scroll labelled WOLEEL KIPAF
Found a stone staircase leading up.
Okay, then.
Found a dagger.
There is a stone staircase leading up here.
Found a stone staircase leading down.
There is a stone staircase leading down here.
Found a stone staircase leading down.
Natasha, Servant of Life and Death comes into view.
Natasha hisses angrily.
Natasha stares at you and mumbles some strange words.
The magic dart hits you!
Aiming: Spit Poison (2% risk of failure)
Press: ? - help, Shift-Dir - straight line, f - Natasha
Aim: Natasha (50% to hit)
The splash of poison hits Natasha.
Natasha is poisoned.
Natasha is lightly wounded.
Unknown command.
Casting: Searing Ray (safe; 3% risk of failure)
Confirm with . or Enter, or press ? or * to list all spells.
Aiming: Searing Ray (safe; 3% risk of failure)
Press: ? - help, Shift-Dir - straight line, f/p - Natasha
Aim: Natasha (moderately wounded, poisoned, 72% to hit)
The searing ray hits Natasha!
Natasha is almost dead. (Press . to maintain the ray.) Natasha howls an incantation.
Natasha's front paws start to glow.
Natasha stares at you and mumbles some strange words.
You resist with some effort.
The searing ray hits Natasha!
You kill Natasha!
You hear a faint echoing roar filled with hate and sorrow!
Your Spellcasting skill increases to level 3!
You have reached level 4!
You feel stronger.
Are you sure you want to abandon this character and quit the game? (Confirm with "yes".)

#+# ## .. ####.#.
.....#. #....#.##
###. .
#.......##.....
....#...>.†......
. ......#..#
..##.##...@#
......##.#
#.##.##.#
#.......#
####.####
########## #.#
.........####.#
#..##.......>.#
#..##.##.######


There were no monsters in sight!

Vanquished Creatures
  Natasha (D:2)
  4 endoplasms
  A giant cockroach (D:1)
  5 hobgoblins (D:1)
  3 jackals (D:1)
  A quokka (D:1)
  A ball python (D:1)
  3 bats (D:1)
  A frilled lizard (D:1)
  4 goblins
  3 kobolds (D:1)
  6 rats
33 creatures vanquished.

Notes
Turn   | Place    | Note
-------+----------+-------------------------------------------
     0 | D:1      | Meow the Naga Conjurer began the quest for the Orb.
     0 | D:1      | Reached XP level 1. HP: 15/15 MP: 3/3
   148 | D:1      | Reached XP level 2. HP: 22/22 MP: 5/5
   151 | D:1      | Learned a level 2 spell: Searing Ray
   540 | D:1      | Reached XP level 3. HP: 28/28 MP: 6/6
   616 | D:1      | Found Ohodutei's Weapon Boutique.
   940 | D:2      | Noticed Natasha
   944 | D:2      | Killed Natasha
   945 | D:2      | Reached XP level 4. HP: 27/36 MP: 4/8
   945 | D:2      | Quit the game

Illustrated notes

Levels and vault maps discovered:
D:1:      spicycebolla_arrival_risky_transporter, layout_rooms, serial_shops,
          nicolae_shop_hallway_plus, minmay_misc_feat_alley
D:2:      layout_loops_cross, minivault_26, grunt_ministairs_14,
          minmay_pentomino_w4, uniq_natasha, uniq_crazy_yiuf_cottage

Skill      XL: |  1  2  3 |
---------------+----------+-----
Spellcasting   | 3 |  3.1
Dodging        | |  1.5
Stealth        | |  3.0
Conjurations   | |  4.8

Action                     |  1- 3 |  4- 6 || total
---------------------------+-------+-------++-------
   Fire: Sling             |    18 |       ||    18
   Cast: Magic Dart        |    12 |       ||    12
         Searing Ray       |    10 |       ||    10
Ability: Spit Poison       |    22 |       ||    22
  Dodge: Dodged            |     9 |       ||     9
